 Dungeon Crawl Stone Soup version 0.18-a0-1347-gb9e2fb4 (webtiles) character file.

322 kasarun the Shield-Bearer (level 6, -13/53 HPs)
             Began as a Hill Orc Fighter on Feb 17, 2016.
             Mangled by an ogre
             ... wielding a +0 giant club
              (22 damage)
             ... on level 3 of the Dungeon.
             The game lasted 00:21:54 (4658 turns).

kasarun the Shield-Bearer (Hill Orc Fighter)        Turns: 4658, Time: 00:21:54

Health: -13/53     AC:  9    Str: 21    XL:     6   Next: 47%
Magic:  6/6        EV:  7    Int:  8    God:
Gold:   213        SH: 10    Dex: 10    Spells: 0 memorised, 5 levels left

rFire  . . .     SeeInvis .     a - +0 trident
rCold  . . .     Gourm    .     b - +0 scale mail
rNeg   . . .     Faith    .     c - +0 shield
rPois  +         Spirit   .     (no helmet)
rElec  .         Dismiss  .     (no cloak)
rCorr  .         Reflect  .     d - +0 pair of gloves
SustAt .         Harm     .     p - +0 pair of boots
MR     .....                    (no amulet)
Stlth  ..........               (no ring)
                                r - ring of poison resistance

@: not resistant to hostile enchantments, extremely unstealthy
A: no striking features
a: no special abilities


You were on level 3 of the Dungeon.
You were not hungry.

You visited 1 branch of the dungeon, and saw 4 of its levels.
You also visited: Sewer.

You collected 213 gold pieces.

Inventory:

Hand Weapons
 a - a +0 trident (weapon)
Armour
 b - a +0 scale mail (worn)
 c - a +0 shield (worn)
 d - a +0 pair of gloves (worn)
 p - a +0 pair of boots (worn)
Jewellery
 r - a ring of poison resistance (left hand)
Scrolls
 e - 2 scrolls of magic mapping
 h - 4 scrolls of blinking
 k - a scroll of teleportation
Potions
 i - a potion of degeneration {unknown}
 j - a potion of magic {unknown}
 l - 4 potions of curing
 n - a potion of flight {unknown}
 o - a potion of heal wounds
 s - 3 potions of might
 t - a potion of brilliance {unknown}
 u - 2 potions of haste {unknown}
Comestibles
 f - 2 bread rations
 g - 2 slices of pizza


   Skills:
 + Level 4.7 Fighting
 + Level 3.0 Polearms
 + Level 5.2 Armour
 - Level 0.1 Stealth
 + Level 5.4 Shields


You had 5 spell levels left.
You didn't know any spells.

Dungeon Overview and Level Annotations

Branches:
Dungeon (4/15)
 Temple: D:4-7

Altars:


Message History

The ogre is moderately wounded.
The ogre hits you with a giant club!!
Ouch! That really hurt!
You hit the ogre.
The ogre is heavily wounded.
You block the ogre's attack.
You hit the ogre.
The ogre is severely wounded.
The ogre hits you with a giant club!
* * * LOW HITPOINT WARNING * * *
You are too injured to fight recklessly!
You are too injured to fight recklessly!
You hit the ogre.
The ogre is almost dead.
The ogre hits you with a giant club!
* * * LOW HITPOINT WARNING * * *
You closely miss the ogre.
The ogre is almost dead.
The ogre hits you with a giant club!!
You die...

# #.#.........#..# # ####
#.#.........#..# # ...#
#..............# #
##.#############.........##.#####
#..........................##...
###########.##.....<............
#.###........)#..##... #
###.###.###.#####..##... ####
#<.....@.....# #....... ...#
#.#.###O###..# #.###... ##.#
#.#.# #.# #..# #.# #... ##.#
#.#.###.###..# #.# #### #.#
#.#..........# ##.## # #.#
#.#########..###...## # #.#
#.#########..##.....#### #.#
#....................... #.#
#.###########.........##


You could see an ogre.

Vanquished Creatures
  2 giant frogs (Sewer)
  8 adders
  2 river rats (Sewer)
  An ooze (Sewer)
  An adder zombie (D:1)
  6 giant geckos
  An orc (D:3)
  A bat zombie (D:1)
  3 giant cockroaches
  6 goblins
  9 hobgoblins
  14 ball pythons
  5 bats
  7 giant newts
  14 kobolds
  33 rats
113 creatures vanquished.

Notes
Turn   | Place    | Note
--------------------------------------------------------------
     0 | D:1      | kasarun the Hill Orc Fighter began the quest for the Orb.
     0 | D:1      | Reached XP level 1. HP: 19/19 MP: 1/1
   293 | D:1      | Reached XP level 2. HP: 27/27 MP: 2/2
   458 | D:1      | Reached skill level 4 in Fighting
   584 | D:1      | Reached XP level 3. HP: 14/33 MP: 3/3
  2116 | D:3      | Reached XP level 4. HP: 37/40 MP: 4/4
  2365 | D:3      | Found a glowing drain.
  2390 | Sewer    | Entered a sewer
  3032 | Sewer    | Reached XP level 5. HP: 46/46 MP: 5/5
  3529 | Sewer    | Reached skill level 5 in Armour
  3529 | Sewer    | Reached skill level 5 in Shields
  3529 | Sewer    | Reached XP level 6. HP: 16/53 MP: 6/6
  4658 | D:3      | Mangled by an ogre

Vault maps used:
D:1:      saegor_arrival_fortress
D:3:      portal_sewer_entry_f
D:4:      nicolae_gozag_cash_rules_everything_around_me, temple_green,
          first_bread, kennysheep_crisscross, minmay_bad_closet,
          hangedman_abyss_or_decor_passed, cheibrodos_ashenzari_chains
Sewer:    sewer_minmay_w

Action                   |  1- 3 |  4- 6 || total
-------------------------+-------+-------++-------
Melee: Trident           |   162 |   402 ||   564
  Use: Scroll            |     1 |     7 ||     8
       Potion            |       |     5 ||     5
  Eat: Chunk             |     4 |     7 ||    11
       Fruit             |       |     3 ||     3
